 Dungeon Crawl Stone Soup version 0.21-a0-94-gdd6ab6a (webtiles) character file.

84 sagitran the Gusty (level 4, -5/24 HPs)
             Began as a Tengu Air Elementalist on July 3, 2017.
             Slain by Sigmund
             ... wielding a +0 scythe
              (7 damage)
             ... on level 2 of the Dungeon.
             The game lasted 00:10:56 (1962 turns).

sagitran the Gusty (Tengu Air Elementalist)         Turns: 1962, Time: 00:10:57

Health: -5/24      AC:  4    Str: 14    XL:     4   Next: 45%
Magic:  6/8        EV: 13    Int: 16    God:
Gold:   66         SH:  0    Dex: 14    Spells: 7/8 levels left

rFire    . . .     SeeInvis .   i - +0 short sword
rCold    + + .     Gourm    .   (no shield)
rNeg     + . .     Faith    .   m - +2 robe {rC+}
rPois    .         Spirit   .   (helmet restricted)
rElec    .         Reflect  .   (no cloak)
rCorr    .         Harm     .   (no gloves)
MR       .....                  (boots unavailable)
Stlth    ++........             (no amulet)
HPRegen  0.08/turn              h - ring of positive energy
MPRegen  0.11/turn              l - ring of protection from cold

@: mighty
A: beak, talons 3
a: no special abilities


You were on level 2 of the Dungeon.
You were not hungry.

You visited 1 branch of the dungeon, and saw 3 of its levels.

You collected 66 gold pieces.

Inventory:

Hand Weapons
 c - a +3 vampiric short sword
 i - a +0 short sword (weapon)
Armour
 m - a +2 robe of cold resistance (worn)
Jewellery
 h - a ring of positive energy (left hand)
 l - a ring of protection from cold (right hand)
Scrolls
 a - a scroll of magic mapping {unknown}
 e - a scroll of recharging {unknown}
 f - 2 scrolls of remove curse {unknown}
 j - a scroll of enchant weapon {unknown}
Potions
 o - a potion of might
Books
 b - a book of Air

   Spells                             Type                      Level
   a - Shock                          Conjuration/Air              1
   b - Swiftness                      Charms/Air                   2
   c - Static Discharge               Conjuration/Air              3
   d - Airstrike                      Air                          4
   e - Lightning Bolt                 Conjuration/Air              5
Comestibles
 k - a meat ration


   Skills:
 + Level 0.9 Short Blades
 + Level 2.6 Dodging
 + Level 2.7 Stealth
 + Level 2.6 Spellcasting
 + Level 2.3 Conjurations
 + Level 4.8 Air Magic


You had 7 spell levels left.
You knew the following spells:

 Your Spells              Type           Power        Failure   Level  Hunger
a - Shock                 Conj/Air       ##..         4%          1    #......


Dungeon Overview and Level Annotations

Branches:
Dungeon (3/15)

Altars:

Annotations:
D:2 Sigmund


Innate Abilities, Weirdness & Mutations

You have a beak for a mouth.
You have claws for feet.


Message History

The giant cockroach bites you but does no damage.
The giant cockroach closely misses you.
You barely miss the giant cockroach. Your peck misses the giant cockroach.
Something completely misses you. The giant cockroach barely misses you.
You hit the giant cockroach.
The giant cockroach is heavily wounded.
The giant cockroach bites you but does no damage.
Something hits you!
* * * LOW HITPOINT WARNING * * *
It was a potion of cancellation.
Your magical effects are unravelling.
You feel magically purged.
You feel a little less clever now.
The giant cockroach bites you but does no damage.
Something hits you but does no damage.
It was a potion of might.
You feel very mighty all of a sudden. The giant cockroach misses you.
The giant cockroach barely misses you. Something hits you!
You die...

#..................#
#.†####........##..#
###..................#
####....................#
#..÷.......#....##.###..#
#.#........#.......###..#
..#...........#.........#
..............#.##.##.#.#
................@.....>...
.....#.#......#.#####.####
.......#......#s# #
............. ...
.##..#..... ####. .#
......# ## .# ..## .. .


You could see a giant cockroach.

Vanquished Creatures
  Terence (D:2)
  2 adders (D:2)
  3 dart slugs
  A leopard gecko (D:1)
  A ball python (D:1)
  A giant cockroach (D:1)
  5 goblins
  8 hobgoblins
  3 kobolds (D:1)
  4 bats (D:1)
  6 frilled lizards
  2 rats
37 creatures vanquished.

Notes
Turn   | Place    | Note
-------+----------+-------------------------------------------
     0 | D:1      | sagitran the Tengu Air Elementalist began the quest for the Orb.
     0 | D:1      | Reached XP level 1. HP: 10/10 MP: 4/4
    82 | D:1      | Reached XP level 2. HP: 9/15 MP: 0/6
   764 | D:1      | Reached XP level 3. HP: 19/19 MP: 3/7
  1135 | D:2      | Noticed Terence
  1144 | D:2      | Killed Terence
  1212 | D:2      | Reached XP level 4. HP: 3/24 MP: 8/8
  1941 | D:2      | Noticed Sigmund
  1959 | D:2      | HP: 1/24 [something (9)]
  1962 | D:2      | Slain by Sigmund

Vault maps used:
D:1:      lightli_arrival_maybe_door_vault
D:2:      minmay_randomly_rotated_circles, uniq_sigmund, uniq_terence

Skill      XL: |  1  2  3 |
---------------+----------+-----
Conjurations   | 2 |  2.3
Short Blades   | |  0.9
Dodging        | |  2.6
Stealth        | |  2.7
Spellcasting   | |  2.6
Air Magic      | |  4.8

Action                   |  1- 3 |  4- 6 || total
-------------------------+-------+-------++-------
Melee: Club              |    10 |       ||    10
       Kick              |     8 |     2 ||    10
       Short sword       |    29 |    20 ||    49
       Peck              |     4 |     3 ||     7
 Cast: Shock             |    35 |     7 ||    42
  Use: Potion            |       |     4 ||     4
 Stab: Sleeping          |     1 |     2 ||     3
  Eat: Bread ration      |     1 |       ||     1
Armor: Robe              |    14 |     5 ||    19
Dodge: Dodged            |    45 |    17 ||    62
